 Dungeon Crawl Stone Soup version 0.27-a0-1084-g78b3836a5f (webtiles) character file.

Game seed: 672718536436650384

90718 robertstho the Eclecticist (level 16, -10/112 HPs)
             Began as a Djinni Fire Elementalist on Apr 26, 2021.
             Was a High Priest of Ashenzari.
             Mangled by a boulder beetle (21 damage)
             ... on level 6 of the Lair of Beasts.
             The game lasted 00:59:34 (22019 turns).

robertstho the Eclecticist (DjFE)                  Turns: 22019, Time: 00:59:35

Health: -10/112    AC: 13    Str: 16    XL:     16   Next: 1%
Gold:   1705       EV: 20    Int: 24    God:    Ashenzari [*****.] SH:  5 Dex: 14

rFire    + + .     SeeInvis +   q - +8 whip "Circumscribed With Me" {vorpal, +Blink Str+3, Range, Cun} (curse)
rCold    x . .     Faith    .   (no shield)
rNeg     . . .     Spirit   .   e - +0 troll leather armour "Dismay of Ashenzari" {Regen+, Fort, Range} (curse)
rPois    ∞         Reflect  +   o - +2 hat "Celestial Augurer" {Self, Cun} (curse)
rElec    .         Harm     .   y - +1 cloak "Ensconced Jealousy" {Self, Evo} (curse)
rCorr    .         Rampage  .   B - +2 pair of gloves of Toth-Mos's Legacy {Cun, Self} (curse)
Will     +....     Clarity  +   (boots unavailable)
Stlth    ++++......             j - amulet of Star-Bound Wisdom {Reflect SH+5, Melee, Self} (curse)
HPRegen  1.28/turn              h - ring "Suspicion of the Sky" {Str+6, Fort, Range} (curse)
MPRegen  0.00/turn              w - ring "At What Cost Knowledge?" {EV+4, Cun, Fort} (curse)

@: on berserk cooldown, flying, slowed, very slow
A: fire resistance 2, cold vulnerability 1, float, innate caster, hp casting,
extra vitality 1
a: Renounce Religion, Evoke Blink, Curse Item, Shatter the Chains


You were on level 6 of the Lair of Beasts.
You worshipped Ashenzari.
Ashenzari was extremely pleased with you.
You visited 3 branches of the dungeon, and saw 22 of its levels.
You also visited: Bailey.

You collected 1705 gold pieces.

Inventory:

Hand Weapons
 a - a +4 scimitar of flaming
 n - a +2 hand axe of electrocution
 q - the cursed +8 whip "Circumscribed With Me" (weapon) {vorpal, +Blink Str+3, Range, Cun}
   (You found it on level 5 of the Dungeon)

   It inflicts extra damage upon your enemies.
   It affects your strength (+3).
   It lets you blink.
   It has a curse which improves the following skills: Ranged Combat: Slings,
   Bows, Crossbows and Throwing.
   Cunning:   Dodging and Stealth.
Missiles
 t - 2 atropa-tipped darts
 C - 2 curare-tipped darts
 I - 5 throwing nets
Armour
 e - the cursed +0 troll leather armour "Dismay of Ashenzari" (worn) {Regen+, Fort, Range}
   (You found it on level 9 of the Dungeon)

   It increases your rate of health regeneration.
   It has a curse which improves the following skills: Fortitude: Armour and
   Shields.
   Ranged Combat: Slings, Bows, Crossbows and Throwing.
 o - the cursed +2 hat "Celestial Augurer" (worn) {Self, Cun}
   (You found it on level 5 of the Dungeon)

   It has a curse which improves the following skills: Introspection: Fighting
   and Spellcasting.
   Cunning:   Dodging and Stealth.
 y - the cursed +1 cloak "Ensconced Jealousy" (worn) {Self, Evo}
   (You found it on level 6 of the Dungeon)

   It has a curse which improves the following skills: Introspection: Fighting
   and Spellcasting.
   Evocations: Evocations.
 B - the cursed +2 pair of gloves of Toth-Mos's Legacy (worn) {Cun, Self}
   (You found it on level 14 of the Dungeon)

   It has a curse which improves the following skills: Cunning: Dodging and
   Stealth.
   Introspection: Fighting and Spellcasting.
Jewellery
 h - the cursed ring "Suspicion of the Sky" (left hand) {Str+6, Fort, Range}
   (You found it on level 2 of the Dungeon)

   [ring of strength]

   It affects your strength (+6).
   It has a curse which improves the following skills: Fortitude: Armour and
   Shields.
   Ranged Combat: Slings, Bows, Crossbows and Throwing.
 j - the cursed amulet of Star-Bound Wisdom (around neck) {Reflect SH+5, Melee, Self}
   (You found it on level 3 of the Dungeon)

   [amulet of reflection]

   It reflects blocked missile attacks.
   It affects your SH (+5).
   It has a curse which improves the following skills: Melee Combat: Short
   Blades, Long Blades, Axes, Maces & Flails, Polearms, Staves and Unarmed
   Combat.
   Introspection: Fighting and Spellcasting.
 r - a ring of positive energy
 v - the ring "Gampi" {Wiz rPois Will++ Str-2}
   (You found it on level 13 of the Dungeon)

   [ring of wizardry]

   It improves your spell success rate.
   It affects your strength (-2).
   It protects you from poison.
   It greatly increases your willpower.
 w - the cursed ring "At What Cost Knowledge?" (right hand) {EV+4, Cun, Fort}
   (You took it off an orc on level 6 of the Dungeon)

   [ring of evasion]

   It affects your evasion (+4).
   It has a curse which improves the following skills: Cunning: Dodging and
   Stealth.
   Fortitude: Armour and Shields.
Wands
 d - a wand of polymorph (12)
 m - a wand of mindburst (28)
 s - a wand of iceblast (32)
 u - a wand of acid (10)
 A - a wand of digging (8)
 H - a wand of paralysis (17)
Scrolls
 b - 2 scrolls of vulnerability
 f - 4 scrolls of enchant weapon
 k - 6 scrolls of enchant armour
 p - 2 scrolls of brand weapon
 x - 3 scrolls of magic mapping
 D - 3 scrolls of fog
 E - a scroll of silence
 G - a scroll of summoning
 K - 2 scrolls of immolation
Potions
 c - 8 potions of attraction
 g - 4 potions of curing
 i - a potion of ambrosia
 l - 2 potions of brilliance
 z - 2 potions of might
 N - a potion of magic
Miscellaneous
 J - a piece from Xom's chessboard (15/15)
 O - a condenser vane


   Skills:
 + Level 3.7(9.3) Fighting
 + Level 0.2(1.8) Axes
 + Level 2.4(4.6) Maces & Flails
 + Level 3.5(8.1) Armour
 + Level 4.6(10.5) Dodging
 + Level 4.7(10.6) Stealth
 + Level 4.0(8.8) Shields
 * Level 20.4(25.5) Spellcasting
 + Level 0.5(1.6) Evocations


You had 24 spell levels left.
You knew the following spells:

 Your Spells              Type           Power      Damage    Failure   Level
a - Foxfire               Conj/Fire      100%       2x1d9     0%          1
b - Conjure Flame         Conj/Fire      100%       6-21      0%          3
c - Inner Flame           Hex/Fire       100%       N/A       0%          3
d - Sticky Flame          Conj/Fire      100%       2d11      0%          4
e - Fireball              Conj/Fire      50%        3d20      0%          5
f - Sandblast             Erth           100%       2d20      0%          1
g - Passwall              Tmut/Erth      84%        N/A       0%          2
h - Summon Guardian Gole  Hex/Summ       100%       N/A       0%          3
i - Hailstorm             Conj/Ice       100%       3d20      0%          4
j - Agony                 Necr           100%       N/A       0%          5
k - Lightning Bolt        Conj/Air       50%        1d71      0%          5
l - Starburst             Conj/Fire      50%        8x6d14    0%          6
Your spell library was empty.

Dungeon Overview and Level Annotations

Branches:
Dungeon (15/15)            Temple (1/1) D:7            Lair (6/6) D:9
  Swamp (0/4) Lair:4       Spider (0/4) Lair:2          Orc (0/2) D:10
 Vaults (0/5) D:13         Depths (0/5) D:15         Bailey (visited)
  Slime: Lair:5-6

Altars:
Ashenzari
Cheibriados
Dithmenos
Elyvilon
Fedhas
Gozag
Hepliaklqana
Kikubaaqudgha
Makhleb
Nemelex Xobeh
Okawaru
Qazlal
Ru
Sif Muna
Trog
Uskayaw
Vehumet
Wu Jian
Xom
Yredelemnul
Zin
The Shining One

Shops:
D:12 *

Annotations:
D:3 3 runed translucent doors, Zeld's ghost, amateur OpCj; noodleboyJ's ghost, amateur OpCK; porpoise's ghost, amateur DjVM


Innate Abilities, Weirdness & Mutations

You are immune to poison.
Your flesh is very heat resistant. (rF++)
You are vulnerable to cold. (rC-)
You float through the air rather than walking.
You learn spells naturally, not from books.
Your magical power is your life essence.
You have superior vitality. (+4 HP)


Message History

You hit the elephant.
The elephant is heavily wounded.
You block the elephant's attack.
The elephant trunk-slaps you but does no damage.
You whack the elephant!
The elephant is almost dead.
You hit the elephant.
The elephant is almost dead.
The elephant tramples you.
* * * LOW HITPOINT WARNING * * *
You hold your ground!
The elephant completely misses you.
You barely miss the elephant.
The elephant is almost dead.
The elephant tramples you.
* * * LOW HITPOINT WARNING * * *
You hold your ground!
The elephant closely misses you.
You whack the elephant!
You kill the elephant!
You hit the boulder beetle.
The boulder beetle is lightly wounded.
You hit the boulder beetle.
The boulder beetle is lightly wounded.
The boulder beetle leaps!
You are no longer berserk.
You are exhausted.
You feel yourself slow down. The boulder beetle barely misses you.
You see here an elephant corpse.
Casting: Sticky Flame (safe; 0% risk of failure)
Confirm with . or Enter, or press ? or * to list all spells.
Aiming: Sticky Flame (safe; 0% risk of failure)
Press: ? - help, Shift-Dir - straight line, f - boulder beetle
Aim: a boulder beetle (lightly wounded, 100% to hit)
The sticky flame hits the boulder beetle but does no damage.
The boulder beetle is lightly wounded.
The boulder beetle is covered in liquid flames!
* * * LOW HITPOINT WARNING * * *
The boulder beetle burns! x2; The boulder beetle bites you!
* * * LOW HITPOINT WARNING * * *
You feel better.
The boulder beetle burns!
The boulder beetle bites you!!
You die...

, , * ,, , **
*,**** , * ,,,,,
, ,, ##...# *, ,
,,*,#. *# #....#
** ,,, , .....
.##†...# *, *
*,* , .....,
...... * , ** *
,,
.....###....## ,
* **
....<#......# *
**#P....†..#.# ,
,, ##..†.@#.##
,** *
##.#..B#.### , ,
,
,.###.....######
, * ,,,
........#######
,, ,* *, ,,
,........##.####
,, ,
,,.......<..#.,
, *, , *
,,.#.##P.P...# ∆
, *,, , * , , #
####....... ,∆*
,, ,,, *
###.#.(.... ** *


You could see a boulder beetle (burning).

Vanquished Creatures
  The ghost of Isouggaj the Gelid, a journeyman BaIE of Vehumet (Lair:5)
  Snorg (D:14)
  5 boulder beetles
  Harold (Lair:2)
  3 slime creatures (D:15)
  Josephine (Lair:5)
  10 hydras
  A catoblepas (Lair:5)
  2 centaur warriors (D:13)
  A death knight (D:14)
  A death yak (Lair:5)
  A tengu warrior (D:15)
  7 two-headed ogres
  Urug (D:11)
  8 skeletal warriors
  A bog body (Lair:4)
  A glowing orange brain (D:15)
  A lindwurm (Lair:6)
  A deep elf pyromancer (D:14)
  An orb spider (shapeshifter) (D:14)
  A wolf spider zombie (D:10)
  2 manticores
  3 orc knights
  27 ugly things
  5 cyclopes
  A black mamba (shapeshifter) (D:13)
  11 elephants
  5 black mambas
  3 centaur zombies (D:10)
  A guardian serpent (shapeshifter) (D:15)
  6 komodo dragons
  15 cane toads
  3 efreet
  An unseen horror (D:11)
  4 yaktaurs (D:13)
  3 rime drakes (Lair:5)
  A hellwing (D:11)
  2 polar bears
  2 jumping spiders (Lair:2)
  2 trolls
  10 blink frogs
  Grinder (D:6)
  7 shadows
  2 redbacks (Lair:2)
  A tarantella (shapeshifter) (D:15)
  5 wraiths (Lair:5)
  4 basilisks
  7 wyverns
  31 yaks
  Grum (D:11)
  4 vampire mosquitoes (D:12)
  A hog (shapeshifter) (D:14)
  Menkaure (D:4)
  2 acid dragons
  A swamp worm (shapeshifter) (D:13)
  12 water moccasins
  Duvessa (D:7)
  A hell hound (Lair:5)
  3 black bears
  12 orc warriors
  4 boggarts
  An ice beast (D:8)
  3 necrophages
  11 centaurs
  2 ogres
  48 wolves
  2 phantoms
  10 bullfrogs
  7 kobold brigands
  Dowan (D:7)
  A gnoll sergeant (D:10)
  47 killer bees (Lair:5)
  A troll zombie (D:10)
  A howler monkey (D:5)
  3 electric eels
  3 hounds
  12 centaur skeletons
  8 orc priests
  2 bullfrog skeletons
  14 hell rats
  An iguana (D:5)
  A scorpion zombie (D:5)
  11 orc wizards
  2 killer bee zombies
  5 ogre zombies (D:10)
  2 howler monkey zombies
  Robin (D:4)
  8 adders
  8 gnolls
  5 shadow imps
  2 dart slugs
  63 orcs
  7 endoplasms
  4 giant cockroaches
  15 goblins
  5 hobgoblins
  5 jackals (D:2)
  33 kobolds
  2 quokkas
  4 ball pythons
  8 bats
  3 frilled lizards (D:1)
  2 goblin skeletons (D:10)
  A goblin zombie (D:10)
  A hobgoblin skeleton (D:10)
  4 hobgoblin zombies (D:10)
  2 orc skeletons (D:10)
  9 orc zombies (D:10)
  5 rats
  A bush (Lair:3)
655 creatures vanquished.

Vanquished Creatures (others)
  A skeletal warrior (D:12)
  3 yaks (Lair:2)
  1046 foxfires
  39 fungi
  42 plants
  7 withered plants (D:10)
1138 creatures vanquished.

Grand Total: 1793 creatures vanquished

Notes
Turn   | Place    | Note
-------+----------+-------------------------------------------
     0 | D:1      | robertstho the Djinni Fire Elementalist began the quest for
                  | the Orb.
     0 | D:1      | Reached XP level 1. HP: 15/15 MP: 0/0
   295 | D:1      | Reached skill level 3 in Spellcasting
   529 | D:1      | Reached XP level 2. HP: 18/21 MP: 0/0
  1522 | D:2      | Reached XP level 3. HP: 15/25 MP: 0/0
  1522 | D:2      | Learned a level 1 spell: Sandblast
  2266 | D:2      | Reached skill level 4 in Spellcasting
  2266 | D:2      | Reached XP level 4. HP: 30/31 MP: 0/0
  3100 | D:3      | Reached XP level 5. HP: 32/35 MP: 0/0
  3100 | D:3      | Learned a level 2 spell: Passwall
  3307 | D:3      | Found a faded altar of an unknown god.
  3718 | D:3      | Found a runed translucent gate.
  3718 | D:3      | Found a runed translucent gate.
  3721 | D:3      | Noticed porpoise's ghost (amateur DjVM)
  3722 | D:3      | Found a runed translucent gate.
  3722 | D:3      | Noticed noodleboyJ's ghost (amateur OpCK)
  3722 | D:3      | Noticed Zeld's ghost (amateur OpCj)
  3776 | D:4      | Reached skill level 5 in Spellcasting
  4206 | D:4      | Noticed Robin
  4216 | D:4      | Killed Robin
  4222 | D:4      | Reached XP level 6. HP: 27/41 MP: 0/0
  4933 | D:4      | Noticed Menkaure
  4939 | D:4      | Killed Menkaure
  4999 | D:5      | Entered Level 5 of the Dungeon
  5015 | D:5      | Reached skill level 6 in Spellcasting
  5023 | D:5      | Reached XP level 7. HP: 34/46 MP: 0/0
  5023 | D:5      | Learned a level 3 spell: Summon Guardian Golem
  5499 | D:5      | Found a hazy altar of Hepliaklqana.
  5651 | D:5      | Reached skill level 7 in Spellcasting
  5853 | D:5      | Reached XP level 8. HP: 47/51 MP: 0/0
  5874 | D:5      | Identified the +8 whip of Pomipp {vorpal, +Blink Str+3}
  6184 | D:6      | Reached skill level 1 in Shields
  6318 | D:6      | Reached skill level 8 in Spellcasting
  6701 | D:6      | Noticed Grinder
  6709 | D:6      | Killed Grinder
  6790 | D:6      | Reached skill level 1 in Fighting
  7041 | D:6      | Reached skill level 9 in Spellcasting
  7092 | D:6      | Noticed a shadow
  7110 | D:6      | Killed a shadow
  7111 | D:6      | Reached XP level 9. HP: 27/57 MP: 0/0
  7111 | D:6      | Learned a level 4 spell: Hailstorm
  7662 | D:7      | Found a staircase to the Ecumenical Temple.
  7716 | D:7      | Noticed a two-headed ogre
  7727 | D:7      | Killed a two-headed ogre
  7728 | D:7      | Reached skill level 10 in Spellcasting
  7826 | D:7      | Noticed Dowan
  7828 | D:7      | Noticed Duvessa
  7839 | D:7      | Killed Duvessa
  7840 | D:7      | Killed Dowan
  8330 | D:7      | Found a white marble altar of Elyvilon.
  8331 | D:7      | Found a hide-covered altar of Uskayaw.
  8413 | Temple   | Entered the Ecumenical Temple
  8509 | D:7      | Reached skill level 11 in Spellcasting
  8874 | D:7      | Found a stormy altar of Qazlal.
  8986 | D:7      | Reached XP level 10. HP: 57/62 MP: 0/0
  9003 | D:8      | Found a basalt altar of Yredelemnul.
  9448 | D:8      | Found a broken altar of Ashenzari.
  9448 | D:8      | Found an opulent altar of Gozag.
  9448 | D:8      | Found an iron altar of Okawaru.
  9515 | D:8      | Became a worshipper of Ashenzari the Shackled
 10373 | D:9      | Found a staircase to the Lair.
 10397 | D:9      | Reached skill level 12 in Spellcasting
 11244 | D:10     | Entered Level 10 of the Dungeon
 11244 | D:10     | Noticed a two-headed ogre
 11254 | D:10     | Killed a two-headed ogre
 11255 | D:10     | Reached skill level 1 in Armour
 11304 | D:11     | Noticed Urug
 11312 | D:11     | Killed Urug
 11313 | D:11     | Reached skill level 13 in Spellcasting
 11313 | D:11     | Reached XP level 11. HP: 33/67 MP: 0/0
 11313 | D:11     | Learned a level 5 spell: Agony
 11492 | D:11     | Noticed a two-headed ogre
 11551 | D:11     | Reached * piety under Ashenzari
 11588 | D:11     | Killed a two-headed ogre
 11635 | D:11     | Noticed a boulder beetle
 11659 | D:11     | Killed a boulder beetle
 11731 | D:11     | Noticed a cyclops
 11735 | D:11     | Killed a cyclops
 11898 | D:11     | Noticed Grum
 11903 | D:11     | Killed Grum
 11904 | D:11     | Reached skill level 14 in Spellcasting
 12154 | D:12     | Reached ** piety under Ashenzari
 12161 | D:12     | Noticed a five-headed hydra
 12167 | D:12     | Killed a five-headed hydra
 12227 | D:12     | Noticed a manticore
 12231 | D:12     | Killed a manticore
 12279 | D:12     | Noticed a two-headed ogre
 12286 | D:12     | Killed a two-headed ogre
 12418 | D:12     | Reached XP level 12. HP: 43/79 MP: 0/0
 12622 | D:12     | Noticed a two-headed ogre
 12624 | D:12     | Killed a two-headed ogre
 12674 | D:12     | Reached skill level 15 in Spellcasting
 12757 | D:12     | Noticed a two-headed ogre
 12759 | D:12     | Killed a two-headed ogre
 12863 | D:12     | Found Rocaest's Assorted Antiques.
 12998 | D:13     | Found a flagged portal.
 13029 | D:13     | Reached *** piety under Ashenzari
 13039 | Bailey   | Entered a bailey
 13196 | Bailey   | Identified the +6 scimitar "Pohytuag" {drain, +Rage MP+9
                  | Int-5 SInv}
 13196 | Bailey   | Found a bloodstained altar of Trog.
 13420 | D:13     | Noticed a centaur warrior
 13423 | D:13     | Killed a centaur warrior
 13622 | D:14     | Reached skill level 16 in Spellcasting
 13622 | D:14     | Reached XP level 13. HP: 63/87 MP: 0/0
 13622 | D:14     | Learned a level 5 spell: Lightning Bolt
 13917 | D:14     | Found a broken altar of Ashenzari.
 14173 | D:14     | Noticed Snorg
 14180 | D:14     | Killed Snorg
 14557 | D:13     | Reached skill level 17 in Spellcasting
 14681 | D:13     | Identified the ring "Gampi" {Wiz rPois Will++ Str-2}
 14807 | D:13     | Found a gate to the Vaults.
 15235 | D:15     | Entered Level 15 of the Dungeon
 15510 | D:15     | Reached skill level 1 in Maces & Flails
 15523 | D:15     | Reached XP level 14. HP: 50/94 MP: 0/0
 15685 | D:15     | Found an ornate altar of the Wu Jian Council.
 15736 | D:15     | Reached skill level 18 in Spellcasting
 16458 | D:15     | Found a staircase to the Depths.
 16466 | D:15     | Reached **** piety under Ashenzari
 17005 | D:10     | Found a staircase to the Orcish Mines.
 17321 | D:10     | Found a shadowy altar of Dithmenos.
 17421 | D:10     | Reached ***** piety under Ashenzari
 17758 | Lair:1   | Entered Level 1 of the Lair of Beasts
 18679 | Lair:2   | Reached skill level 19 in Spellcasting
 18714 | Lair:2   | Reached XP level 15. HP: 30/105 MP: 0/0
 18714 | Lair:2   | Learned a level 6 spell: Starburst
 18893 | Lair:2   | Found a hole to the Spider Nest.
 19117 | Lair:2   | Noticed Harold
 19121 | Lair:2   | Killed Harold
 20181 | Lair:4   | Found a staircase to the Swamp.
 20824 | Lair:5   | Noticed Josephine
 20866 | Lair:5   | Killed Josephine
 21013 | Lair:5   | Reached skill level 20 in Spellcasting
 21046 | Lair:5   | Found a runed translucent gate.
 21046 | Lair:5   | Found a runed translucent gate.
 21049 | Lair:5   | Noticed Isouggaj's ghost (journeyman BaIE)
 21088 | Lair:5   | Found a runed translucent gate.
 21919 | Lair:5   | Killed Isouggaj's ghost
 21956 | Lair:6   | Entered Level 6 of the Lair of Beasts
 22009 | Lair:6   | Reached XP level 16. HP: 31/112 MP: 0/0
 22018 | Lair:6   | HP: 4/112 [boulder beetle (16)]
 22019 | Lair:6   | Mangled by a boulder beetle

Illustrated notes

Levels and vault maps discovered:
D:1:      noname_arrival_rooms_in_the_neighbourhood, layout_basic
D:2:      layout_basic
D:3:      layout_basic, lemuel_crystal_altar,
          shapermc_ecumenical_altar_notcrosses, gammafunk_ghost_cemetery,
          guppyfry_early_orc_mine
D:4:      layout_basic, uniq_menkaure, uniq_robin
D:5:      layout_basic, nicolae_hepliaklqana_hazy_memory, amethyst_killhole
D:6:      layout_gridville, grunt_potential, uniq_grinder
D:7:      minmay_general_purpose_star, layout_basic, lemuel_tele_altar,
          minitemple, minmay_temple_entry_wispy, eino_tiny_chamber,
          minmay_liquid_box, minmay_misc_feat_diagonals, minmay_crystal_water,
          uniq_duvessa
D:8:      layout_rooms, overflow_temple_1_default,
          gammafunk_temple_overflow_claw, special_room [special_room_orc]
D:9:      layout_irregular_city, david_lair_shrubbed
D:10:     cheibrodos_grave_circle, layout_small_grid, marbit_many_paths,
          zombieorc1_lemuel
D:11:     layout_loops_cross, uniq_urug, uniq_grum
D:12:     layout_roguey, serial_shops, kennysheep_mini
D:13:     layout_big_octagon, hangedman_vaults_entry_quadrant_bands,
          enter_bailey_2
D:14:     layout_irregular_city, nicolae_ashenzari_panopticon, uniq_snorg
D:15:     gammafunk_enter_depths_forms, layout_gridville,
          nicolae_wu_jian_immortal_techniques, minivault_24
Temple:   nicolae_temple_hex_pool
Lair:1:   layout_gridlike
Lair:2:   layout_cave_pods, spider_nest_entry_a, grunt_forest_large_clearings,
          uniq_harold
Lair:3:   layout_roguey, minivault_26, serial_bayou_shore_b
Lair:4:   layout_loops_ring, skrybe_swamp_entry_bodies,
          infiniplex_staircase_pool_2, grunt_megastairs_4, serial_bayou_shore_b
Lair:5:   wad_woods_minihive, layout_hall_layers, gammafunk_ghost_split,
          special_room [special_room_mythical_zoo],
          chequers_serial_rivers_room_b, chequers_serial_rivers_micro_d,
          uniq_josephine
Lair:6:   guppyfry_lair_end_dragon, layout_concentric_octagons, slime_altar_1,
          hangedman_lair_generics_rect

Skill      XL: |  1  2  3  4  5  6  7  8  9 10 11 12 13 14 15 |
---------------+----------------------------------------------+-----
Spellcasting   | 3 4 5 6 7 9 11 13 14 16 17 19 20 | 20.4
Stealth        | 2 3 4 |  4.7
Shields        | 1 2 3 4 |  4.0
Fighting       | 1 2 3 |  3.7
Armour         | 1 2 3 |  3.5
Dodging        | 3 4 |  4.6
Maces & Flails | 1 2 |  2.4
Axes           | |  0.2
Evocations     | |  0.5

Action                   |  1- 3 |  4- 6 |  7- 9 | 10-12 | 13-15 | 16-18 || total
-------------------------+-------+-------+-------+-------+-------+-------++-------
Melee: Hand axe          |     1 |     3 |       |       |       |       ||     4
       Long sword        |     2 |       |       |       |       |       ||     2
       Whip              |       |       |       |     4 |    55 |     8 ||    67
       Punch             |       |       |       |       |     1 |       ||     1
 Cast: Foxfire           |    85 |   148 |   255 |   132 |     6 |       ||   626
       Sticky Flame      |       |       |     6 |    23 |    69 |     1 ||    99
       Fireball          |       |       |       |   138 |   443 |       ||   581
       Summon Guardian G |       |       |       |     5 |     7 |       ||    12
       Lightning Bolt    |       |       |       |       |    12 |       ||    12
       Hailstorm         |       |       |       |       |     1 |       ||     1
       Starburst         |       |       |       |       |    12 |       ||    12
Invok: Curse Item        |       |       |       |     4 |     4 |       ||     8
Evoke: Wand              |       |       |       |     2 |       |       ||     2
  Use: Potion            |       |       |       |     7 |     4 |     1 ||    12
       Scroll            |       |       |       |     2 |     3 |       ||     5
Armor: Robe              |       |     3 |     1 |     1 |       |       ||     5
       Troll leather arm |       |       |       |    13 |    53 |     1 ||    67
Dodge: Dodged            |     4 |    17 |    12 |    51 |   168 |     3 ||   255
Block: Other             |       |     2 |     7 |    19 |    47 |     1 ||    76
       Reflection        |       |       |       |     9 |     6 |       ||    15
       Rpst.: Long sword |     1 |     1 |       |       |       |       ||     2

Table legend: (Time is in decaauts)
 A = Elapsed time spent in this place.
 B = Non-inter-level travel time spent in this place.
 C = Inter-level travel time spent in this place.
 D = Time resting spent in this place.
 E = Time spent auto-exploring this place.
 F = Levels seen in this place.
 G = Mean time per level.
                   A        B        C        D        E       F      G
               +--------+--------+--------+--------+--------+-----+--------+
         Total |  22002 |  21050 |    952 |   1295 |  16715 |  23 |  956.6 |
       Dungeon |  17475 |  16652 |    823 |   1072 |  13375 |  15 | 1165.0 |
        Temple |     70 |     62 |      8 |      0 |     62 |   1 |   70.0 |
          Lair |   4253 |   4133 |    120 |    193 |   3185 |   6 |  708.8 |
        Bailey |    203 |    203 |      0 |     30 |     93 |   1 |  203.0 |
               +--------+--------+--------+--------+--------+-----+--------+

Top non-repeatable levels by time:
     D:6: 1521 daAuts
     D:7: 1404 daAuts
     D:8: 1395 daAuts
     D:3: 1374 daAuts
     D:2: 1274 daAuts
     D:4: 1236 daAuts
    D:15: 1212 daAuts
  Lair:5: 1145 daAuts
     D:1: 1112 daAuts
    D:14: 1094 daAuts
    D:13: 1065 daAuts
    D:11: 1056 daAuts
     D:5: 1042 daAuts
    D:10: 945 daAuts
  Lair:2: 909 daAuts
